 Dungeon Crawl Stone Soup version 0.28-a0-1616-g050a50673c (webtiles) character file.

Game seed: 3163959909561139763

112 innerfire433 the Cudgeller (level 4, -3/55 HPs)
             Began as a Demonspawn Chaos Knight on Jan 22, 2022.
             Was a Plaything of Xom.
             Slain by a black bear (9 damage)
             ... on level 4 of the Dungeon.
             The game lasted 00:06:14 (2802 turns).

innerfire433 the Cudgeller (DsCK)                   Turns: 2802, Time: 00:06:17

Health: -3/55      AC: 22    Str: 17 (19) XL:     4   Next: 64%
Magic:  4/4        EV:  2    Int: 11 (14) God:    Xom [...*..]
Gold:   82         SH:  4    Dex: 10 (12) Spells: 3/3 levels left

rFire   . . .      SeeInvis .   a - +0 mace (chaos)
rCold   . . .      Faith    +   (no shield)
rNeg    . . .      Spirit   .   (armour currently unavailable)
rPois   +          Reflect  .   (helmet currently unavailable)
rElec   +          Harm     .   (cloak currently unavailable)
rCorr   .          Rampage  .   (gloves currently unavailable)
Will    .....      NoTele   +   (boots currently unavailable)
Stlth   +.........              j - amulet "Citrut" {Faith -Tele rElec Str+5}
HPRegen 0.18/turn               (no ring)
MPRegen 0.09/turn               (no ring)

@: tree-form
A: stationary, stasis, torment immunity, boosted hp, (hooves 1), condensation
shield
a: Renounce Religion


You were on level 4 of the Dungeon.
You worshipped Xom.
You were a favourite toy of Xom.
You were a tree.
You visited 1 branch of the dungeon, and saw 4 of its levels.

You collected 82 gold pieces.

Inventory:

Hand Weapons
 a - a +0 mace of chaos (weapon)
 d - a +2 dagger of speed
Armour
 b - a +2 leather armour
 c - a +0 chain mail
 l - a +0 cloak (melded)
 p - the +1 robe of the Orb (melded) {*Slow Regen+ Str+2}
   (You found it on level 2 of the Dungeon)

   Str:       It affects your strength (+2).
   Regen:     It increases your rate of health regeneration.
   *Slow:     It may slow you when you take damage.
Magical Staves
 f - a staff of conjuration
Jewellery
 g - an amulet of guardian spirit
 j - the amulet "Citrut" (around neck) {Faith -Tele rElec Str+5}
   (You acquired it on level 3 of the Dungeon)

   [amulet of faith]

   It allows you to gain divine favour quickly.
   Str:       It affects your strength (+5).
   rElec:     It insulates you from electricity.
   -Tele:     It prevents most forms of teleportation.
Wands
 r - a wand of acid (6)
Scrolls
 e - a scroll of vulnerability
 k - 2 scrolls of blinking
 n - a scroll of teleportation
 o - 2 scrolls of identify
Potions
 i - 2 potions of heal wounds {unknown}
 m - 3 potions of might {unknown}
 s - a potion of berserk rage {unknown}


   Skills:
 + Level 3.7 Fighting
 * Level 3.9 Maces & Flails
 + Level 2.6 Armour
 - Level 1.1 Dodging


You had 3 spell levels left.
You didn't know any spells.
Your spell library was empty.

Dungeon Overview and Level Annotations

Branches:
Dungeon (4/15)
 Temple: D:4-7

Altars:

Shops:
D:1 *   D:3 [


Innate Abilities, Weirdness & Mutations

You are a tree.
Your roots penetrate the ground, keeping you stationary.
You cannot be teleported.
You are immune to unholy pain and torment.
Your maximum health is greatly increased.
Your equipment is partially melded.
((You have large cloven feet.))
A meltable shield of frost defends you. (SH +4)


Message History

The adder misses you. The jelly closely misses you.
You barely miss the black bear. You kick the black bear.
The black bear is severely wounded.
The adder misses you.
The black bear goes berserk!
The adder bites you but does no damage. The jelly barely misses you.
The black bear bites you.
The black bear claws you but does no damage.
You block the black bear's attack.
You closely miss the black bear. Your kick misses the black bear.
The black bear is severely wounded.
The black bear bites you. You block the black bear's attack.
The black bear claws you. The adder bites you but does no damage.
The jelly hits you but does no damage.
You hit the black bear.
The black bear looks even sicker.
Your kick misses the black bear.
The black bear is severely wounded.
The black bear bites you. The black bear claws you.
You block the black bear's attack. The adder bites you.
The jelly hits you but does no damage. The black bear bites you!
* * * LOW HITPOINT WARNING * * *
The black bear misses you. The black bear claws you.
* * * LOW HITPOINT WARNING * * *
The adder barely misses you.
It was a potion of lignification.
You turn into a tree.
Your +0 cloak melds into your body.
The +1 robe of the Orb {*Slow Regen+ Str+2} melds into your body.
Your roots penetrate the ground.
Xom roars with laughter!
The black bear bites you but does no damage.
The black bear claws you but does no damage.
You block the black bear's attack. You block the jelly's attack.
The adder bites you but does no damage. The black bear barely misses you.
The black bear claws you but does no damage. x2
It was a potion of degeneration.
There was something very wrong with that liquid.
You feel weakened.
You feel dopey.
You feel clumsy. The adder bites you but does no damage.
The jelly hits you but does no damage. The black bear bites you!
You die...
Xom giggles madly!

................#
..........<.....#
................#
................#
..............$.##
..................
/........h.......#
........lJ♣.....#
.........S......#
.......!.......##
..........<..###
........?..###
.......#####
....... .......
...##.


You could see a black bear (berserk, very poisoned), an iguana, a jelly and an
adder.

Vanquished Creatures
  4 adders
  2 worms
  A dart slug (D:2)
  10 orcs (D:3)
  6 ball pythons
  5 endoplasms
  2 giant cockroaches
  3 goblins
  5 hobgoblins
  2 jackals (D:1)
  2 quokkas (D:2)
  5 bats
  3 frilled lizards
  5 kobolds
  3 rats (D:1)
58 creatures vanquished.

Notes
Turn   | Place    | Note
-------+----------+-------------------------------------------
     0 | D:1      | innerfire433 the Demonspawn Chaos Knight began the quest
                  | for the Orb.
     0 | D:1      | Reached XP level 1. HP: 18/18 MP: 1/1
   207 | D:1      | Found a faded altar of an unknown god.
   221 | D:1      | Reached skill level 1 in Dodging
   498 | D:1      | Gained mutation: A meltable shield of frost defends you.
                  | (SH +4) [demonic ancestry]
   498 | D:1      | Reached XP level 2. HP: 23/24 MP: 2/2
   707 | D:1      | XOM: silly message
   867 | D:1      | Found Ycukhlee's Assorted Antiques.
  1437 | D:2      | Reached XP level 3. HP: 27/29 MP: 3/3
  1441 | D:2      | Identified the +1 robe of the Orb {*Slow Regen+ Str+2}
  2052 | D:2      | Gained mutation: You have large cloven feet. [demonic
                  | ancestry]
  2052 | D:2      | Reached XP level 4. HP: 35/35 MP: 4/4
  2133 | D:3      | Found Miogytud's Antique Armour Emporium.
  2174 | D:3      | Found a glowing drain.
  2216 | D:3      | XOM: cloud trail
  2594 | D:3      | XOM: swap monsters
  2652 | D:3      | Identified a scroll of acquirement
  2652 | D:3      | Acquired the amulet "Citrut" {Faith -Tele rElec Str+5}
  2787 | D:4      | Noticed a black bear
  2802 | D:4      | Slain by a black bear

Illustrated notes

Levels and vault maps discovered:
D:1:      lemuel_arrival_funnel, layout_basic, serial_shops, shop_fountains,
          nicolae_ecumenical_lake_church
D:2:      layout_loops_corners
D:3:      layout_loops_ring, serial_shops, nicolae_shop_hallway_stairs,
          cheibrodos_sewer_entry_sluice
D:4:      layout_cave_pods, overflow_temple_1_default, temple_green,
          uniq_eustachio

Skill      XL: |  1  2 |
---------------+-------+-----
Dodging        | 1 |  1.1
Armour         | 2 |  2.6
Maces & Flails | 3 |  3.9
Fighting       | |  3.7

Action                   |  1- 3 |  4- 6 || total
-------------------------+-------+-------++-------
Melee: Mace              |   109 |    70 ||   179
       Kick              |       |    15 ||    15
       Punch             |       |     1 ||     1
  Use: Scroll            |     4 |     1 ||     5
       Potion            |       |     2 ||     2
 Stab: Paralysed         |     1 |     1 ||     2
       Confused          |     1 |       ||     1
       Petrified         |     7 |       ||     7
Armor: Chain mail        |    55 |       ||    55
       Robe              |    12 |    20 ||    32
       Skin              |       |     7 ||     7
Dodge: Dodged            |    42 |    58 ||   100
Block: Other             |    12 |    18 ||    30

Table legend: (Time is in decaauts)
 A = Elapsed time spent in this place.
 B = Non-inter-level travel time spent in this place.
 C = Inter-level travel time spent in this place.
 D = Time resting spent in this place.
 E = Time spent auto-exploring this place.
 F = Levels seen in this place.
 G = Mean time per level.
                   A        B        C        D        E       F      G
               +--------+--------+--------+--------+--------+-----+--------+
         Total |   2848 |   2767 |     81 |      0 |   2220 |   4 |  712.0 |
       Dungeon |   2848 |   2767 |     81 |      0 |   2220 |   4 |  712.0 |
               +--------+--------+--------+--------+--------+-----+--------+

Top non-repeatable levels by time:
     D:1: 1314 daAuts
     D:2: 790 daAuts
     D:3: 727 daAuts
     D:4: 16 daAuts
